 Dungeon Crawl Stone Soup version 0.15-a0-2123-gb18dd36 (webtiles) character file.

591 Charly the Martial Artist (level 7, 0/35 HPs)
             Began as a Vine Stalker Monk on July 16, 2014.
             Was a Believer of Ashenzari.
             Slain by Joseph
             ... wielding a +1 quarterstaff of crushing
              (12 damage)
             ... on Level 7 of the Dungeon.
             The game lasted 00:14:02 (1323 turns).

Charly the Martial Artist (Vine Stalker Monk)       Turns: 1323, Time: 00:14:03

HP   0/35        AC  2     Str 13      XL: 7   Next: 39%
MP   0/9         EV 14     Int 10      God: Ashenzari [**....]
Gold 57          SH  0     Dex 19      Spells:  0 memorised,  6 levels left

rFire  . . .     SeeInvis .       - Unarmed
rCold  . . .     Clarity  .     i - +0 robe
rNeg   . . .     rCorr    .     (no shield)
rPois  .         rRot     +     (no helmet)
rElec  .         Spirit   +     (no cloak)
SustAb .         Warding  .     (no gloves)
rMut   .         Stasis   .     (no boots)
Gourm  .                        (no amulet)
MR     .....                    (no ring)
                                (no ring)

@: about to teleport, not resistant to hostile enchantments, unstealthy
A: fangs 2, regeneration 2, magic shield, antimagic bite, no device heal 3, rot
immunity
a: Renounce Religion


You were on level 7 of the Dungeon.
You worshipped Ashenzari.
Ashenzari was pleased with you.
You were not hungry.

You visited 2 branches of the dungeon, and saw 8 of its levels.

You collected 57 gold pieces.

Inventory:

Hand weapons
 a - a +0 blowgun
Armour
 i - a +0 robe (worn)
Comestibles
 b - 3 bread rations
 c - a rotting chunk of giant frog flesh
 f - 9 fruits
 k - 2 beef jerkies
 l - 7 slices of pizza
Scrolls
 d - 2 scrolls of identify
 g - 5 scrolls of teleportation
Potions
 e - 3 potions of brilliance
Books
 h - a book of Air

   Spells                             Type                      Level
   Shock                              Conjuration/Air              1
   Swiftness                          Charms/Air                   2
   Repel Missiles                     Charms/Air                   2
   Flight                             Charms/Air                   3
   Static Discharge                   Conjuration/Air              3
   Lightning Bolt                     Conjuration/Air              5


   Skills:
 - Level 2.6 Fighting
 * Level 3.6 Dodging
 - Level 2.4 Stealth
 + Level 8.1 Unarmed Combat


You had 6 spell levels left.
You didn't know any spells.

Dungeon Overview and Level Annotations

Branches:
Dungeon (7/15)             Temple (1/1) D:4

Altars:
Ashenzari
Dithmenos
Elyvilon
Fedhas
Okawaru
Vehumet
Xom
Yredelemnul
Zin

Annotations:
D:7 Joseph


Innate Abilities, Weirdness & Mutations

You have extremely sharp teeth.
You heal very quickly.
When hurt, damage is shared between your health and your magic reserves.
Your bite disrupts and absorbs the magic of your enemies.
Potions and wands cannot restore your health.
You are immune to rotting.


Message History

You kill the human!
Your Unarmed Combat skill increases to level 8!
Joseph shoots a sling bullet.
The sling bullet hits you! The sling bullet burns you.
Read which item? (? for menu, Esc to quit)
As you read the scroll of teleportation, it crumbles to dust.
You feel strangely unstable.
You barely miss Joseph.
Joseph unwields an uncursed hunting sling of flaming.
It stops flaming.
Joseph wields an uncursed runed quarterstaff.
Joseph hits you with an uncursed runed quarterstaff.
You closely miss Joseph. You punch Joseph!
Joseph is lightly wounded.
Joseph barely misses you.
You hit Joseph. You bite Joseph. You drain his power.
You feel invigorated.
Joseph is lightly wounded.
Joseph hits you with an uncursed runed quarterstaff!
You die...

## #.# #### # . # #.# #.. .
##.## #.# # #.##...####.#####
. #...............# .
##.##...####)###.# .. ###.##
#.# #.# # # #
#...####@###.###.# ###
#........@.......# #..
#.########.#...### #.#
##..........# #.# #.#
#...######..###.# #.#
#............#.#.# #.#
#......####.......#########..
+.........(..................
#
##.Y.....##........#.#######..
. #..y. ...........#.# #..#


You could see Joseph.

Vanquished Creatures
  A human (D:7)
  A necrophage (D:6)
  A giant frog (D:6)
  A scorpion (D:6)
  A hound (D:7)
  4 sheep (D:7)
  An iguana (D:7)
  A worker ant (D:6)
  4 adders
  An orc zombie (D:5)
  A shadow imp (D:6)
  A giant mite (D:6)
  2 orcs
  2 bats (D:2)
  2 giant cockroaches
  9 ball pythons (D:4)
  A giant newt (D:6)
  3 goblins
  4 kobolds
  2 kobold skeletons
  A rat (D:5)
44 creatures vanquished.

Notes
Turn   | Place    | Note
--------------------------------------------------------------
     0 | D:1      | Charly, the Vine Stalker Monk, began the quest for the Orb.
     0 | D:1      | Reached XP level 1. HP: 11/11 MP: 1/1
    98 | D:2      | Reached XP level 2. HP: 4/16 MP: 0/3
   196 | D:3      | Found a blossoming altar of Fedhas.
   412 | D:4      | Reached skill level 5 in Unarmed Combat
   412 | D:4      | Reached XP level 3. HP: 8/19 MP: 2/4
   591 | D:4      | Reached XP level 4. HP: 13/23 MP: 5/5
   694 | D:4      | Found a staircase to the Ecumenical Temple.
   702 | Temple   | Entered the Ecumenical Temple
   757 | Temple   | Became a worshipper of Ashenzari the Shackled
   757 | Temple   | Acquired Ashenzari's first power
   808 | D:5      | Entered Level 5 of the Dungeon
   943 | D:6      | Reached skill level 6 in Unarmed Combat
   943 | D:6      | Reached XP level 5. HP: 23/27 MP: 7/7
  1016 | D:7      | Noticed a human
  1038 | D:7      | HP: 1/27 [human/hand axe (9)]
  1058 | D:6      | Noticed a giant frog
  1072 | D:6      | Noticed a necrophage
  1082 | D:6      | Killed a necrophage
  1082 | D:6      | Reached skill level 7 in Unarmed Combat
  1082 | D:6      | Gained mutation: You heal very quickly. [vine stalker growth]
  1082 | D:6      | Reached XP level 6. HP: 13/32 MP: 8/8
  1098 | D:6      | Killed a giant frog
  1203 | D:7      | Noticed a yellow wasp
  1203 | D:7      | Noticed a sky beast
  1253 | D:7      | Reached XP level 7. HP: 26/35 MP: 9/9
  1286 | D:7      | Noticed Joseph
  1318 | D:7      | Killed a human
  1318 | D:7      | Reached skill level 8 in Unarmed Combat
  1323 | D:7      | Slain by Joseph

Action                   |  1- 3 |  4- 6 |  7- 9 || total
-------------------------+-------+-------+-------++-------
Melee: Unarmed           |    72 |    79 |    17 ||   168
 Fire: Blowgun           |     4 |     6 |     2 ||    12
  Use: Scroll            |     2 |     4 |     1 ||     7
 Stab: Sleeping          |     6 |     3 |       ||     9
       Distracted        |       |     1 |       ||     1
  Eat: Chunk             |       |     1 |       ||     1
